Map: Paladino Terminal LE

Players

Kelazhur - Winner!

  • Race: Terran Terran
  • Spawn Location: 5:00

Neeb

  • Race: Protoss Protoss
  • Spawn Location: 9:00

Event: WCS Austin 2017

VOD

Have the link to the VOD?

Description

Time

  • Played on: April 28, 2017, 8:55 p.m.
  • Length: 9:43

All games in this series

Show
View Real Time Build Order
Export as new Build Order

Kelazhur Terran - Winner!

Build Orders: Cyclone Opening, Reaper Expand, MMM Bio 

Get SALT Encoding   

  12  0:00  SCV  
  13  0:12  SCV  
  14  0:18  Supply Depot  
  14  0:24  Refinery  
  14  0:28  SCV  
  15  0:40  SCV  
  16  0:47  Barracks  
  16  0:53  SCV  
  17  1:05  SCV  
  18  1:17  SCV  
  19  1:34  Reaper, Orbital Command  
  20  1:50  Command Center  
  20  2:00  SCV  
  21  2:04  Factory  
  21  2:09  Barracks Reactor  
  21  2:13  SCV  
  22  2:17  Supply Depot  
  22  2:22  Refinery  
  22  2:25  SCV  
  23  2:38  SCV  
  24  2:54  Cyclone, Marine  
  24  2:56  SCV  
  29  3:01  Cyclone  
  29  3:02  Orbital Command  
  31  3:14  SCV  
  32  3:26  Cyclone  
  35  3:28  SCV  
  35  3:31  Marine  
  37  3:38  Cyclone  
  37  3:39  SCV  
  41  3:44  Supply Depot  
  40  4:02  SCV  
  41  4:07  SCV  
  45  4:11  Widow Mine x2, Engineering Bay  
  45  4:14  SCV  
  47  4:20  Starport, Supply Depot  
  47  4:22  SCV  
  48  4:26  SCV  
  48  4:32  Barracks Tech Lab  
  48  4:34  SCV  
  47  4:38  SCV  
  47  4:39  Missile Turret  
  46  4:46  SCV  
  46  4:50  SCV  
  45  4:57  Widow Mine x2  
  45  4:58  SCV  
  50  5:02  SCV  
  51  5:10  SCV  
  49  5:15  SCV  
  50  5:23  SCV  
  50  5:27  SCV  
  52  5:35  SCV  
  53  5:36  Marine  
  53  5:37  Stimpack  
  53  5:39  SCV  
  53  5:41  Barracks  
  52  5:43  Bunker, Barracks  
  52  5:46  Factory Reactor  
  52  5:47  SCV  
  47  5:51  SCV  
  47  5:52  Viking  
  47  5:53  Terran Infantry Weapons Level 1  
  47  5:54  Marine  
  47  5:56  Refinery, Missile Turret  
  51  5:59  SCV  
  51  6:03  SCV  
  53  6:11  SCV  
  54  6:15  SCV  
  54  6:17  Marine  
  53  6:23  SCV  
  53  6:28  SCV  
  53  6:30  Starport Reactor  
  54  6:34  Factory Reactor, Marine x2  
  54  6:35  Marine x3  
  54  6:38  SCV  
  54  6:39  Barracks  
  60  6:40  Barracks, SCV  
  60  6:42  Refinery  
  61  6:52  Marine  
  61  6:53  Marine  
  61  6:54  SCV  
  61  6:57  Supply Depot  
  61  6:59  Supply Depot  
  62  7:09  Command Center  
  62  7:16  Supply Depot  
  62  7:18  Medivac x2, Marine x3  
  62  7:19  Marine x2, SCV  
  62  7:21  SCV  
  71  7:23  Supply Depot  
  71  7:27  Widow Mine x2  
  71  7:28  Barracks Tech Lab x2  
  74  7:31  SCV  
  74  7:34  SCV  
  74  7:36  Marine x2  
  78  7:37  Marine x3  
  77  7:54  Marine x2, SCV  
  77  7:55  Marine  
  77  7:56  Marine x2  
  77  7:57  Widow Mine x2  
  77  7:58  Medivac x2  
  86  8:00  SCV  
  87  8:06  Combat Shields  
  87  8:07  Marauder, Marine  
  87  8:09  SCV  
  91  8:13  SCV  
  91  8:17  Marine  
  93  8:23  Marine  
  94  8:27  Widow Mine x2  
  94  8:28  Marine x3  
  94  8:29  Supply Depot  
  101  8:41  Marine x3  
  101  8:42  Marauder  
  101  8:45  Missile Turret  
  101  8:47  Armory  
  106  8:58  Marauder, Marine x2  
  106  9:00  SCV  
  103  9:11  Marauder  
  103  9:15  Marauder, Marine  
  103  9:16  Marine x2  
  96  9:18  Marine  
  96  9:19  Marine  
  96  9:21  SCV  
Show
View Real Time Build Order
Export as new Build Order

Neeb Protoss 

Build Orders: 1 Gate Expand, Oracle Opening 

Get SALT Encoding   

  12  0:01  Probe (Chrono Boost)  
  13  0:11  Probe (Chrono Boost)  
  14  0:18  Pylon  
  14  0:22  Probe (Chrono Boost)  
  15  0:36  Probe (Chrono Boost)  
  15  0:37  Gateway  
  16  0:44  Assimilator  
  16  0:47  Probe (Chrono Boost)  
  17  0:57  Probe (Chrono Boost)  
  18  1:08  Probe (Chrono Boost)  
  19  1:23  Nexus  
  20  1:25  Probe (Chrono Boost)  
  20  1:35  Cybernetics Core  
  20  1:37  Probe (Chrono Boost)  
  21  1:45  Assimilator  
  21  1:48  Probe (Chrono Boost)  
  21  1:53  Pylon  
  22  1:59  Probe (Chrono Boost)  
  23  2:12  Mothership Core (Chrono Boost), Adept  
  27  2:23  Warp Gate  
  27  2:32  Probe (Chrono Boost)  
  27  2:36  Probe (Chrono Boost), Adept  
  29  2:44  Probe (Chrono Boost)  
  32  2:47  Probe (Chrono Boost)  
  33  2:56  Probe (Chrono Boost)  
  34  2:59  Probe (Chrono Boost), Stargate  
  34  3:00  Pylon  
  34  3:07  Adept  
  34  3:08  Probe (Chrono Boost)  
  34  3:09  Probe (Chrono Boost)  
  39  3:20  Probe x2 (Chrono Boost)  
  38  3:30  Probe (Chrono Boost)  
  38  3:32  Probe (Chrono Boost)  
  40  3:39  Oracle  
  39  3:41  Probe (Chrono Boost)  
  39  3:44  Probe (Chrono Boost)  
  43  3:51  Probe (Chrono Boost)  
  44  3:59  Probe (Chrono Boost)  
  44  4:02  Probe (Chrono Boost)  
  46  4:03  Gateway  
  46  4:07  Gateway  
  46  4:12  Pylon  
  46  4:14  Pylon  
  46  4:25  Oracle  
  46  4:30  Probe (Chrono Boost)  
  51  4:32  Probe (Chrono Boost)  
  51  4:39  Adept  
  51  4:40  Pylon  
  51  4:41  Probe (Chrono Boost)  
  51  4:44  Probe (Chrono Boost)  
  55  4:52  Probe (Chrono Boost)  
  54  4:56  Oracle  
  54  4:57  Pylon  
  54  4:58  Probe (Chrono Boost), Pylon  
  49  5:16  Stalker x3  
  49  5:17  Probe (Chrono Boost)  
  49  5:19  Probe (Chrono Boost)  
  57  5:28  Probe (Chrono Boost)  
  56  5:32  Probe (Chrono Boost)  
  54  5:42  Probe (Chrono Boost)  
  50  5:47  Probe (Chrono Boost), Phoenix, Adept x3  
  56  5:52  Probe (Chrono Boost)  
  59  6:00  Nexus  
  58  6:07  Mothership Core (Chrono Boost), Probe (Chrono Boost)  
  58  6:09  Phoenix  
  61  6:18  Probe (Chrono Boost)  
  64  6:27  Assimilator, Probe (Chrono Boost)  
  64  6:28  Probe (Chrono Boost)  
  64  6:32  Assimilator, Twilight Council  
  66  6:34  Forge  
  66  6:39  Probe (Chrono Boost)  
  67  6:41  Pylon  
  67  6:44  Phoenix  
  64  6:49  Probe (Chrono Boost)  
  64  6:51  Probe (Chrono Boost)  
  68  6:59  Adept x3  
  68  7:00  Probe (Chrono Boost)  
  75  7:05  Probe (Chrono Boost)  
  75  7:06  Protoss Ground Weapons Level 1  
  76  7:10  Probe (Chrono Boost)  
  76  7:11  Resonating Glaives  
  77  7:18  Gateway  
  77  7:19  Gateway  
  77  7:20  Probe x2 (Chrono Boost)  
  77  7:22  Gateway  
  79  7:27  Probe (Chrono Boost)  
  80  7:30  Pylon, Phoenix  
  80  7:36  Probe (Chrono Boost)  
  84  7:37  Probe (Chrono Boost)  
  84  7:41  Probe (Chrono Boost)  
  85  7:48  Probe (Chrono Boost)  
  84  7:56  Probe x2 (Chrono Boost)  
  84  7:57  Adept x3  
  82  8:00  Probe (Chrono Boost)  
  82  8:02  Pylon, Phoenix  
  82  8:03  Pylon  
  82  8:04  Pylon  
  85  8:17  Sentry  
  85  8:18  Adept x5  
  97  8:23  Pylon  
  97  8:25  Robotics Facility  
  97  8:29  Assimilator, Phoenix  
  97  8:30  Probe (Chrono Boost)  
  97  8:33  Assimilator  
  100  8:38  Pylon  
  100  8:41  Sentry  
  102  8:42  Pylon  
  102  8:45  Adept x2  
  102  8:46  Adept  
  108  8:54  Phoenix  
  104  9:01  Adept x2  
  103  9:06  Adept x4  
  95  9:16  Phoenix  
  89  9:27  Adept x5  
  99  9:32  Adept  
Tags
 
Add a new tag
Caveats
  • Supply blocks, unpowered buildings, or Contaminate may cause inaccurate times.
  • Supply counts are checked every 10 seconds.